Whalers vs Bruins

Created - 28 décembre 2017 at 08:41

Goals
1 2 3 T
Whalers 0 1 2 3
Bruins 1 3 0 4
Shots
1 2 3 T
Whalers 11 12 21 44
Bruins 7 19 7 33

1st period

1. Bruins , Joel Edmundson 1 (Alex Killorn 10) at 19:15

Penalties :
No Penalty

2nd period

2. Bruins , Anthony Mantha 14 (Brian Campbell 2, Alex Killorn 11) at 4:05
3. Bruins , Alexander Burmistrov 3 (Joel Edmundson 8) at 6:01
4. Whalers , Phil Kessel 8 (Derek Stepan 22) at 11:15 (PP)
5. Bruins , Kyle Okposo 13 (Marc Staal 8) at 15:42

Penalties :
Jason Demers (BOS) for Interference (Minor) at 11:14

3rd period

6. Whalers , Kris Versteeg 16 (Derek Stepan 23) at 4:20
7. Whalers , Phil Kessel 9 (Dustin Byfuglien 23, Kris Versteeg 11) at 15:09

Penalties :
No Penalty

Goalie Stats

Connor Hellebuyck (HAR), 29 saves from 33 shots - (0,879), L, 13-15-3, 59:00 minutes
Cam Talbot (BOS), 41 saves from 44 shots - (0,932), W, 21-7-2, 60:00 minutes

Players Stats for Whalers

Player Name              G  A  P  +/- PIM S  H  SB GA TA FO     MP     PP MP  PK MP  
------------------------------------------------------------------------------------
Austin Watson            0  0  0  -1  0   2  1  0  0  0  6/17   16:16   0:00   0:00 
BROCK BOESER             0  0  0  -1  0   6  1  0  1  0  0/1    16:16   0:00   0:00 
Brooks Orpik             0  0  0  -2  0   1  2  2  0  2  0/0    19:54   0:00   0:00 
Byron Froese             0  0  0  -3  0   2  1  0  0  1  0/0     8:12   0:00   0:00 
Dennis Wideman           0  0  0  -2  0   2  0  0  0  0  0/0    19:54   0:00   0:00 
Derek Stepan             0  2  2   2  0   5  1  0  3  0  22/32  22:10   0:01   0:00 
Drake Caggiula           0  0  0  -3  0   2  0  0  1  0  0/1     8:12   0:00   0:00 
Dustin Byfuglien         0  1  1   1  0   1  5  1  0  1  0/0    27:34   0:01   0:00 
Jaycob Megna             0  0  0  -1  0   0  1  1  0  0  0/0    12:32   0:00   0:00 
Jonny Brodzinski         0  0  0   0  0   0  0  1  1  2  5/10   13:22   0:00   0:00 
Kris Russell             0  0  0   1  0   2  1  1  0  3  0/0    27:34   0:01   0:00 
Kris Versteeg            1  1  2   2  0   5  1  0  0  0  0/1    22:10   0:01   0:00 
Lance Bouma              0  0  0  -3  0   0  1  0  0  0  2/4     8:12   0:00   0:00 
Loui Eriksson            0  0  0  -1  0   0  2  0  1  0  2/2    16:16   0:00   0:00 
Phil Kessel              2  0  2   2  0   12 0  0  2  0  0/1    22:10   0:01   0:00 
Ryan Callahan            0  0  0   0  0   2  3  1  0  0  0/2    13:22   0:00   0:00 
Ryan Pulock              0  0  0  -1  0   1  2  1  0  2  0/0    12:32   0:00   0:00 
Scott Hartnell           0  0  0   0  0   1  1  0  0  0  0/1    13:22   0:00   0:00 

Players Stats for Bruins

Player Name              G  A  P  +/- PIM S  H  SB GA TA FO     MP     PP MP  PK MP  
------------------------------------------------------------------------------------
Alex Killorn             0  2  2   2  0   5  0  0  1  0  7/18   18:59   0:00   0:00 
Alexander Burmistrov     1  0  1   0  0   6  0  1  0  0  0/0    14:25   0:00   0:00 
Anthony Mantha           1  0  1   2  0   4  1  0  1  2  0/1    18:59   0:00   0:00 
Brian Campbell           0  1  1   2  0   0  1  1  1  0  0/0    18:44   0:00   0:00 
David Desharnais         0  0  0   0  0   0  0  0  0  0  0/0     1:21   0:00   0:00 
Derick Brassard          0  0  0  -1  0   2  5  0  2  0  0/2    20:13   0:00   0:00 
Jakob Chychrun           0  0  0   0  0   0  0  2  0  0  0/0    12:25   0:00   0:01 
Jason Demers             0  0  0   0  2   1  1  2  0  2  0/0    28:50   0:00   0:00 
Jason Pominville         0  0  0   2  0   3  1  1  1  1  0/0    18:59   0:00   0:00 
Joel Edmundson           1  1  2   2  0   1  0  4  0  0  0/0    18:44   0:00   0:00 
Kyle Okposo              1  0  1   0  0   3  3  1  1  1  0/1    25:15   0:00   0:01 
Marc Staal               0  1  1   0  0   1  1  1  1  1  0/0    28:52   0:00   0:01 
Matt Stajan              0  0  0   0  0   1  0  1  0  0  7/9    14:25   0:00   0:00 
Nikolay Kulemin          0  0  0   0  0   3  0  1  1  0  0/0    14:25   0:00   0:00 
Sean Monahan             0  0  0  -1  0   1  0  0  1  1  21/39  20:14   0:00   0:01 
Tom Kuhnhackl            0  0  0   1  0   0  1  1  1  0  0/0     6:22   0:00   0:00 
Xavier Ouellet           0  0  0   0  0   2  2  1  0  0  0/0    12:24   0:00   0:00 
Zemgus Girgensons        0  0  0   1  0   0  0  0  0  1  0/2     6:22   0:00   0:00 

3 Stars

1 - Phil Kessel (HAR)
2 - Joel Edmundson (BOS)
3 - Kris Versteeg (HAR)

Power Play

Whalers - 1 on 1 Attempt(s) - 100,00%
Bruins - 0 on 0 Attempt(s) - 0,00%

Penalty Kill

Whalers - 0 on 0 Attempt(s) - 0,00% - Score 0 goal in Penalty Kill
Bruins - 0 on 1 Attempt(s) - 0,00% - Score 0 goal in Penalty Kill

Team Stat

Whalers - Hits : 23 - Faceoff Wins : 37 - Blocked Shots : 8 - Penalty Minutes : 0
Bruins - Hits : 16 - Faceoff Wins : 35 - Blocked Shots : 17 - Penalty Minutes : 2

Official

Referees : Tim Peel and Rob Martell
Linesman : Mike Cvik and Michel Cormier

Game Notes

No Game Note

Finance

Level 1 -- Attendance: 4517 (75,28%) -- Ticket Income 451 700 $
Level 2 -- Attendance: 4997 (99,94%) -- Ticket Income 299 820 $
Level 3 -- Attendance: 2000 (100,00%) -- Ticket Income 70 000 $
Level 4 -- Attendance: 3891 (97,28%) -- Ticket Income 77 820 $
Luxury Box -- Attendance: 818 (81,80%) -- Ticket Income 163 600 $
Game was played at the Boston Garden.
Total Attendance: 16223 (90,13%)
Total Ticket Income: 1 062 940 $
Other Income: 520 841 $
Total Income: 1 583 781 $

Whalers

5 vs 5 Forward 
   Center                   Left Wing                Right Wing               Time % Phy DF OF 
 1 Derek Stepan             Kris Versteeg            Phil Kessel              40     0   1  4  
 2 Austin Watson            Loui Eriksson            BROCK BOESER             30     0   1  4  
 3 Jonny Brodzinski         Scott Hartnell           Ryan Callahan            25     1   2  2  
 4 Lance Bouma              Drake Caggiula           Byron Froese             5      0   1  2  

5 vs 5 Defense 
   Defense                  Defense                                           Time % Phy DF OF 
 1 Dustin Byfuglien         Kris Russell                                      40     0   2  3  
 2 Brooks Orpik             Dennis Wideman                                    30     1   2  2  
 3 Ryan Pulock              Jaycob Megna                                      20     1   2  2  
 4 Dustin Byfuglien         Kris Russell                                      10     1   2  2  

PowerPlay Forward 
   Center                   Left Wing                Right Wing               Time % Phy DF OF 
 1 Derek Stepan             Kris Versteeg            Phil Kessel              60     0   1  4  
 2 Austin Watson            Loui Eriksson            BROCK BOESER             40     0   2  3  

PowerPlay Defense
   Defense                  Defense                                           Time % Phy DF OF 
 1 Dustin Byfuglien         Kris Russell                                      60     0   2  3  
 2 Brooks Orpik             Dennis Wideman                                    40     0   2  3  

Penalty Kill 4 Players Forward 
   Center                   Wing                     Time % Phy DF OF 
 1 Phil Kessel              Derek Stepan             60     1   2  2  
 2 BROCK BOESER             Kris Versteeg            40     1   2  2  

Penalty Kill 4 Players Defense
   Defense                  Defense                  Time % Phy DF OF 
 1 Dustin Byfuglien         Kris Russell             60     1   2  2  
 2 Brooks Orpik             Dennis Wideman           40     1   2  2  

Penalty Kill - 3 Players Forward 
   Forward                                           Time % Phy DF OF 
 1 Phil Kessel                                       60     0   3  2  
 2 Derek Stepan                                      40     0   3  2  

Penalty Kill - 3 Players Defense
   Defense                  Defense                  Time % Phy DF OF 
 1 Dustin Byfuglien         Kris Russell             60     1   2  2  
 2 Brooks Orpik             Dennis Wideman           40     1   2  2  

4 vs 4 Forward 
   Center                   Wing                     Time % Phy DF OF 
 1 Phil Kessel              Derek Stepan             60     0   2  3  
 2 BROCK BOESER             Kris Versteeg            40     0   2  3  

4 vs 4 Defense
   Defense                  Defense                  Time % Phy DF OF 
 1 Dustin Byfuglien         Kris Russell             60     1   2  2  
 2 Brooks Orpik             Dennis Wideman           40     1   2  2  

Last Minutes Offensive
   Center                   Left Wing                Right Wing               Defense                  Defense                  
   Derek Stepan             Kris Versteeg            Phil Kessel              Dustin Byfuglien         Kris Russell             

Last Minutes Defensive
   Center                   Left Wing                Right Wing               Defense                  Defense                  
   Derek Stepan             Kris Versteeg            Phil Kessel              Dustin Byfuglien         Kris Russell             

Goaltenders
Starting : Connor Hellebuyck        
Backup : Louis Domingue           

Extra Forwards
Normal : Scott Hartnell, Ryan Callahan, Jonny Brodzinski - PP : Scott Hartnell, Ryan Callahan - PK : Jonny Brodzinski
Extra Defensemen
Normal : Ryan Pulock, Jaycob Megna, Brooks Orpik - PP : Ryan Pulock - PK : Jaycob Megna, Brooks Orpik
Penalty Shots
Dustin Byfuglien, Phil Kessel, Derek Stepan, BROCK BOESER, Kris Versteeg
Custom OT Lines Forwards
Dustin Byfuglien, Phil Kessel, Derek Stepan, BROCK BOESER, Kris Versteeg, Loui Eriksson, Scott Hartnell, Ryan Callahan, Austin Watson, Jonny Brodzinski
Custom OT Lines Defensemen
Dustin Byfuglien, Kris Russell, Brooks Orpik, Dennis Wideman, Ryan Pulock

Scratches
Nic Dowd (Healthy), Mark Barberio (Healthy)

Bruins

5 vs 5 Forward 
   Center                   Left Wing                Right Wing               Time % Phy DF OF 
 1 Sean Monahan             Derick Brassard          Kyle Okposo              40     1   2  2  
 2 Alex Killorn             Anthony Mantha           Jason Pominville         30     1   2  2  
 3 Matt Stajan              Nikolay Kulemin          Alexander Burmistrov     20     1   2  2  
 4 Zemgus Girgensons        Tom Kuhnhackl            Kyle Okposo              10     1   2  2  

5 vs 5 Defense 
   Defense                  Defense                                           Time % Phy DF OF 
 1 Marc Staal               Jason Demers                                      40     1   2  2  
 2 Joel Edmundson           Brian Campbell                                    30     1   2  2  
 3 Xavier Ouellet           Jakob Chychrun                                    20     1   2  2  
 4 Marc Staal               Jason Demers                                      10     1   2  2  

PowerPlay Forward 
   Center                   Left Wing                Right Wing               Time % Phy DF OF 
 1 Sean Monahan             Derick Brassard          Kyle Okposo              60     1   2  2  
 2 Alex Killorn             Anthony Mantha           Jason Pominville         40     1   2  2  

PowerPlay Defense
   Defense                  Defense                                           Time % Phy DF OF 
 1 Marc Staal               Jason Demers                                      60     1   2  2  
 2 Joel Edmundson           Brian Campbell                                    40     1   2  2  

Penalty Kill 4 Players Forward 
   Center                   Wing                     Time % Phy DF OF 
 1 Kyle Okposo              Sean Monahan             60     1   2  2  
 2 Derick Brassard          Jason Pominville         40     1   2  2  

Penalty Kill 4 Players Defense
   Defense                  Defense                  Time % Phy DF OF 
 1 Marc Staal               Jason Demers             60     1   2  2  
 2 Joel Edmundson           Brian Campbell           40     1   2  2  

Penalty Kill - 3 Players Forward 
   Forward                                           Time % Phy DF OF 
 1 Kyle Okposo                                       60     1   2  2  
 2 Sean Monahan                                      40     1   2  2  

Penalty Kill - 3 Players Defense
   Defense                  Defense                  Time % Phy DF OF 
 1 Marc Staal               Jason Demers             60     1   2  2  
 2 Joel Edmundson           Brian Campbell           40     1   2  2  

4 vs 4 Forward 
   Center                   Wing                     Time % Phy DF OF 
 1 Kyle Okposo              Sean Monahan             60     1   2  2  
 2 Derick Brassard          Jason Pominville         40     1   2  2  

4 vs 4 Defense
   Defense                  Defense                  Time % Phy DF OF 
 1 Marc Staal               Jason Demers             60     1   2  2  
 2 Joel Edmundson           Brian Campbell           40     1   2  2  

Last Minutes Offensive
   Center                   Left Wing                Right Wing               Defense                  Defense                  
   Sean Monahan             Derick Brassard          Kyle Okposo              Marc Staal               Jason Demers             

Last Minutes Defensive
   Center                   Left Wing                Right Wing               Defense                  Defense                  
   Sean Monahan             Derick Brassard          Kyle Okposo              Marc Staal               Jason Demers             

Goaltenders
Starting : Cam Talbot               
Backup : Juuse Saros              

Extra Forwards
Normal : David Desharnais, Nikolay Kulemin, Matt Stajan - PP : David Desharnais, Nikolay Kulemin - PK : Matt Stajan
Extra Defensemen
Normal : Xavier Ouellet, Jakob Chychrun, Joel Edmundson - PP : Xavier Ouellet - PK : Jakob Chychrun, Joel Edmundson
Penalty Shots
Kyle Okposo, Sean Monahan, Derick Brassard, Jason Pominville, Alex Killorn
Custom OT Lines Forwards
Kyle Okposo, Sean Monahan, Derick Brassard, Jason Pominville, Alex Killorn, Anthony Mantha, Nikolay Kulemin, Matt Stajan, Alexander Burmistrov, Zemgus Girgensons
Custom OT Lines Defensemen
Marc Staal, Jason Demers, Joel Edmundson, Brian Campbell, Xavier Ouellet

Scratches
Patrice Bergeron (Healthy), Ryan McDonagh (Healthy)

% Time on Ice - Whalers

Lines # - Real PCT - Wanted PCT - Time Play
Normal Forward
1 - 36% - 40% - 21:00
2 - 28% - 30% - 16:16
3 - 23% - 25% - 13:22
4 - 14% - 5% - 8:12
Normal Defense
1 - 39% - 40% - 23:07
2 - 32% - 30% - 18:45
3 - 21% - 20% - 12:32
4 - 8% - 10% - 4:26
PP Forward
1 - 100% - 60% - 0:01
2 - 0% - 40% - 0:00
PP Defense
1 - 100% - 60% - 0:01
2 - 0% - 40% - 0:00
PK Forward
1 - 0% - 60%
2 - 0% - 40%
PK Defense
1 - 0% - 60%
2 - 0% - 40%
PK3 Forward
1 - 0% - 60%
2 - 0% - 40%
PK3 Defense
1 - 0% - 60%
2 - 0% - 40%
44 Forward
1 - 0% - 60%
2 - 0% - 40%
44 Defense
1 - 0% - 60%
2 - 0% - 40%
Last Minute Offensive  - 1:09
Last Minute Defensive  - 0:00
Total
Forward - 60:00
Defense - 60:00

% Time on Ice - Bruins

Lines # - Real PCT - Wanted PCT - Time Play
Normal Forward
1 - 32% - 40% - 19:01
2 - 32% - 30% - 18:59
3 - 25% - 20% - 14:25
4 - 11% - 10% - 6:22
Normal Defense
1 - 39% - 40% - 22:54
2 - 31% - 30% - 18:27
3 - 21% - 20% - 12:24
4 - 9% - 10% - 5:02
PP Forward
1 - 0% - 60%
2 - 0% - 40%
PP Defense
1 - 0% - 60%
2 - 0% - 40%
PK Forward
1 - 100% - 60% - 0:01
2 - 0% - 40% - 0:00
PK Defense
1 - 100% - 60% - 0:01
2 - 0% - 40% - 0:00
PK3 Forward
1 - 0% - 60%
2 - 0% - 40%
PK3 Defense
1 - 0% - 60%
2 - 0% - 40%
44 Forward
1 - 0% - 60%
2 - 0% - 40%
44 Defense
1 - 0% - 60%
2 - 0% - 40%
Last Minute Offensive  - 0:00
Last Minute Defensive  - 1:12
Total
Forward - 60:00
Defense - 60:00

Play by Play

1st period


0:01 of 1st period - Derek Stepan wins face-off versus Sean Monahan in neutral zone.
0:20 of 1st period - Derek Stepan is hit by Marc Staal and loses puck.
1:48 of 1st period - Snap shot by Phil Kessel.
1:48 of 1st period - Shot Blocked by Brian Campbell.
2:22 of 1st period - Dennis Wideman is hit by Derick Brassard and loses puck.
2:47 of 1st period - Jakob Chychrun is hit by Byron Froese and loses puck.
3:10 of 1st period - Wrist shot by BROCK BOESER.
3:10 of 1st period - Stopped by Cam Talbot with a rebound.
3:59 of 1st period - Snap shot by Byron Froese.
3:59 of 1st period - Stopped by Cam Talbot without a rebound.
4:00 of 1st period - Lance Bouma wins face-off versus Sean Monahan in Bruins zone.
4:47 of 1st period - Snap shot by Nikolay Kulemin.
4:47 of 1st period - Stopped by Connor Hellebuyck without a rebound.
4:48 of 1st period - Matt Stajan wins face-off versus Austin Watson in Whalers zone.
5:32 of 1st period - Snap shot by Loui Eriksson.
5:32 of 1st period - Shot Misses the Net.
5:42 of 1st period - Slapshot by Alex Killorn.
5:42 of 1st period - Shot Blocked by Kris Russell.
5:44 of 1st period - Slapshot by Xavier Ouellet.
5:44 of 1st period - Deflect By Dustin Byfuglien.
5:44 of 1st period - Stopped by Connor Hellebuyck with a rebound.
5:46 of 1st period - Slapshot by Alex Killorn.
5:46 of 1st period - Stopped by Connor Hellebuyck without a rebound.
5:47 of 1st period - Derek Stepan wins face-off versus Sean Monahan in Whalers zone.
5:47 of 1st period - Derek Stepan is hit by Derick Brassard.
5:59 of 1st period - Snap shot by Phil Kessel.
5:59 of 1st period - Stopped by Cam Talbot without a rebound.
6:00 of 1st period - Sean Monahan wins face-off versus Derek Stepan in Bruins zone.
6:09 of 1st period - Snap shot by Derick Brassard.
6:09 of 1st period - Shot Misses the Net.
6:11 of 1st period - Backhand shot by Marc Staal.
6:11 of 1st period - Deflect By Derick Brassard.
6:11 of 1st period - Shot Misses the Net.
6:11 of 1st period - Puck is out of play.
6:12 of 1st period - Sean Monahan wins face-off versus Jonny Brodzinski in Whalers zone.
6:17 of 1st period - Wrist shot by Derick Brassard.
6:17 of 1st period - Deflect By Ryan Callahan.
6:17 of 1st period - Shot Blocked by Ryan Callahan.
6:17 of 1st period - Puck is out of play.
6:18 of 1st period - Sean Monahan wins face-off versus Jonny Brodzinski in Whalers zone.
6:45 of 1st period - Snap shot by Alexander Burmistrov.
6:45 of 1st period - Shot Misses the Net.
6:51 of 1st period - Snap shot by Nikolay Kulemin.
6:51 of 1st period - Shot Misses the Net.
7:05 of 1st period - Anthony Mantha is hit by Dustin Byfuglien and loses puck.
7:35 of 1st period - Snap shot by Kyle Okposo.
7:35 of 1st period - Stopped by Connor Hellebuyck without a rebound.
7:36 of 1st period - Sean Monahan wins face-off versus Scott Hartnell in Whalers zone.
8:22 of 1st period - Wrist shot by BROCK BOESER.
8:22 of 1st period - Stopped by Cam Talbot with a rebound.
9:08 of 1st period - Slapshot by Scott Hartnell.
9:08 of 1st period - Shot Misses the Net.
9:10 of 1st period - Slapshot by Brooks Orpik.
9:10 of 1st period - Stopped by Cam Talbot with a rebound.
9:12 of 1st period - Wrist shot by Derek Stepan.
9:12 of 1st period - Stopped by Cam Talbot with a rebound.
9:14 of 1st period - Snap shot by Kris Versteeg.
9:14 of 1st period - Shot Misses the Net.
9:30 of 1st period - Slapshot by Loui Eriksson.
9:30 of 1st period - Shot Blocked by Joel Edmundson.
12:34 of 1st period - Wrist shot by Drake Caggiula.
12:34 of 1st period - Shot Misses the Net.
14:01 of 1st period - Snap shot by Alexander Burmistrov.
14:01 of 1st period - Stopped by Connor Hellebuyck without a rebound.
14:02 of 1st period - Jonny Brodzinski wins face-off versus Sean Monahan in Whalers zone.
14:37 of 1st period - Off-side.
14:38 of 1st period - Austin Watson wins face-off versus Sean Monahan in neutral zone.
14:41 of 1st period - Wrist shot by Loui Eriksson.
14:41 of 1st period - Shot Misses the Net.
14:43 of 1st period - Snap shot by BROCK BOESER.
14:43 of 1st period - Stopped by Cam Talbot with a rebound.
14:45 of 1st period - Slapshot by Kris Russell.
14:45 of 1st period - Stopped by Cam Talbot without a rebound.
14:46 of 1st period - Sean Monahan wins face-off versus Austin Watson in Bruins zone.
15:34 of 1st period - Wrist shot by Scott Hartnell.
15:34 of 1st period - Shot Blocked by Jakob Chychrun.
15:36 of 1st period - Snap shot by Ryan Callahan.
15:36 of 1st period - Stopped by Cam Talbot with a rebound.
17:05 of 1st period - Wrist shot by Byron Froese.
17:05 of 1st period - Stopped by Cam Talbot without a rebound.
17:06 of 1st period - Sean Monahan wins face-off versus Lance Bouma in Bruins zone.
17:31 of 1st period - Alex Killorn is hit by Dustin Byfuglien and loses puck.
18:41 of 1st period - Slapshot by Dustin Byfuglien.
18:41 of 1st period - Shot Blocked by Joel Edmundson.
18:57 of 1st period - Snap shot by Phil Kessel.
18:57 of 1st period - Shot Misses the Net.
18:59 of 1st period - Slapshot by Derek Stepan.
18:59 of 1st period - Shot Misses the Net.
19:01 of 1st period - Wrist shot by Phil Kessel.
19:01 of 1st period - Deflect By Derek Stepan.
19:01 of 1st period - Stopped by Cam Talbot with a rebound.
19:13 of 1st period - Wrist shot by Alex Killorn.
19:13 of 1st period - Stopped by Connor Hellebuyck with a rebound.
19:15 of 1st period - Wrist shot by Joel Edmundson.
19:15 of 1st period - Deflect By BROCK BOESER.
19:15 of 1st period - Goal by Joel Edmundson - Whalers : 0 - Bruins : 1.
19:16 of 1st period - Derek Stepan wins face-off versus Alex Killorn in neutral zone.
19:41 of 1st period - Alexander Burmistrov is hit by Dustin Byfuglien and loses puck.
Goals for this period are 0 for Whalers vs 1 for Bruins.
Shots for this period are 11 for Whalers vs 7 for Bruins.

2nd period


0:01 of 2nd period - Sean Monahan wins face-off versus Derek Stepan in neutral zone.
0:25 of 2nd period - Marc Staal is hit by Ryan Callahan and loses puck.
0:46 of 2nd period - Wrist shot by Alexander Burmistrov.
0:46 of 2nd period - Stopped by Connor Hellebuyck without a rebound.
0:47 of 2nd period - Matt Stajan wins face-off versus Austin Watson in Whalers zone.
0:56 of 2nd period - Wrist shot by Austin Watson.
0:56 of 2nd period - Stopped by Cam Talbot without a rebound.
0:57 of 2nd period - Derek Stepan wins face-off versus Sean Monahan in Bruins zone.
1:06 of 2nd period - Snap shot by Phil Kessel.
1:06 of 2nd period - Stopped by Cam Talbot without a rebound.
1:07 of 2nd period - Derek Stepan wins face-off versus Sean Monahan in Bruins zone.
1:08 of 2nd period - Slapshot by Phil Kessel.
1:08 of 2nd period - Shot Misses the Net.
1:41 of 2nd period - Off-side.
1:42 of 2nd period - Alex Killorn wins face-off versus BROCK BOESER in neutral zone.
2:07 of 2nd period - Xavier Ouellet is hit by Brooks Orpik and loses puck.
2:14 of 2nd period - Wrist shot by Drake Caggiula.
2:14 of 2nd period - Stopped by Cam Talbot without a rebound.
2:15 of 2nd period - Derek Stepan wins face-off versus Sean Monahan in Bruins zone.
2:30 of 2nd period - Wrist shot by Kyle Okposo.
2:30 of 2nd period - Deflect By Derick Brassard.
2:30 of 2nd period - Stopped by Connor Hellebuyck with a rebound.
3:09 of 2nd period - Nikolay Kulemin is hit by Scott Hartnell and loses puck.
3:45 of 2nd period - Snap shot by Phil Kessel.
3:45 of 2nd period - Stopped by Cam Talbot with a rebound.
3:59 of 2nd period - Snap shot by Alex Killorn.
3:59 of 2nd period - Stopped by Connor Hellebuyck with a rebound.
4:01 of 2nd period - Wrist shot by Anthony Mantha.
4:01 of 2nd period - Shot Blocked by Brooks Orpik.
4:03 of 2nd period - Slapshot by Brian Campbell.
4:03 of 2nd period - Shot Blocked by Brooks Orpik.
4:05 of 2nd period - Slapshot by Anthony Mantha.
4:05 of 2nd period - Goal by Anthony Mantha - Whalers : 0 - Bruins : 2.
4:06 of 2nd period - Sean Monahan wins face-off versus Derek Stepan in neutral zone.
4:11 of 2nd period - Slapshot by Derick Brassard.
4:11 of 2nd period - Shot Misses the Net.
4:21 of 2nd period - Phil Kessel is hit by Kyle Okposo and loses puck.
4:44 of 2nd period - Slapshot by Kris Russell.
4:44 of 2nd period - Shot Misses the Net.
5:00 of 2nd period - Snap shot by Drake Caggiula.
5:00 of 2nd period - Stopped by Cam Talbot without a rebound.
5:01 of 2nd period - Matt Stajan wins face-off versus Drake Caggiula in Bruins zone.
5:14 of 2nd period - Matt Stajan is hit by Lance Bouma and loses puck.
6:01 of 2nd period - Slapshot by Alexander Burmistrov.
6:01 of 2nd period - Goal by Alexander Burmistrov - Whalers : 0 - Bruins : 3.
6:02 of 2nd period - Sean Monahan wins face-off versus Derek Stepan in neutral zone.
6:13 of 2nd period - Snap shot by Sean Monahan.
6:13 of 2nd period - Shot Blocked by Dustin Byfuglien.
6:15 of 2nd period - Wrist shot by Derick Brassard.
6:15 of 2nd period - Shot Misses the Net.
6:17 of 2nd period - Slapshot by Marc Staal.
6:17 of 2nd period - Stopped by Connor Hellebuyck without a rebound.
6:18 of 2nd period - Austin Watson wins face-off versus Alex Killorn in Whalers zone.
6:44 of 2nd period - Kris Russell is hit by Derick Brassard.
6:54 of 2nd period - Jaycob Megna is hit by Derick Brassard.
7:10 of 2nd period - Matt Stajan is hit by Ryan Callahan and loses puck.
8:29 of 2nd period - Matt Stajan is hit by Jaycob Megna and loses puck.
8:34 of 2nd period - Slapshot by Jonny Brodzinski.
8:34 of 2nd period - Shot Blocked by Xavier Ouellet.
8:50 of 2nd period - Slapshot by Dustin Byfuglien.
8:50 of 2nd period - Shot Blocked by Jakob Chychrun.
8:52 of 2nd period - Snap shot by Byron Froese.
8:52 of 2nd period - Shot Blocked by Alexander Burmistrov.
8:54 of 2nd period - Slapshot by Drake Caggiula.
8:54 of 2nd period - Shot Misses the Net.
8:56 of 2nd period - Slapshot by Drake Caggiula.
8:56 of 2nd period - Shot Blocked by Nikolay Kulemin.
9:04 of 2nd period - Slapshot by Alexander Burmistrov.
9:04 of 2nd period - Shot Misses the Net.
9:29 of 2nd period - Snap shot by Alexander Burmistrov.
9:29 of 2nd period - Shot Hit the Post.
9:35 of 2nd period - Snap shot by Phil Kessel.
9:35 of 2nd period - Stopped by Cam Talbot without a rebound.
9:36 of 2nd period - Derek Stepan wins face-off versus Anthony Mantha in Bruins zone.
9:39 of 2nd period - Snap shot by Derek Stepan.
9:39 of 2nd period - Shot Blocked by Joel Edmundson.
9:41 of 2nd period - Snap shot by Derek Stepan.
9:41 of 2nd period - Shot Misses the Net.
9:43 of 2nd period - Slapshot by Ryan Pulock.
9:43 of 2nd period - Shot Misses the Net.
9:45 of 2nd period - Slapshot by Derek Stepan.
9:45 of 2nd period - Shot Blocked by Jason Pominville.
9:47 of 2nd period - Snap shot by Phil Kessel.
9:47 of 2nd period - Deflect By Derek Stepan.
9:47 of 2nd period - Shot Misses the Net.
9:47 of 2nd period - Puck is out of play.
9:48 of 2nd period - Derek Stepan wins face-off versus Sean Monahan in Bruins zone.
10:00 of 2nd period - Icing by Derick Brassard.
10:01 of 2nd period - Sean Monahan wins face-off versus Derek Stepan in Bruins zone.
10:31 of 2nd period - Snap shot by Anthony Mantha.
10:31 of 2nd period - Deflect By Jason Pominville.
10:31 of 2nd period - Stopped by Connor Hellebuyck without a rebound.
10:32 of 2nd period - Jonny Brodzinski wins face-off versus Sean Monahan in Whalers zone.
10:45 of 2nd period - Wrist shot by Derick Brassard.
10:45 of 2nd period - Stopped by Connor Hellebuyck with a rebound.
10:47 of 2nd period - Snap shot by Derick Brassard.
10:47 of 2nd period - Shot Misses the Net.
11:11 of 2nd period - Snap shot by Derek Stepan.
11:11 of 2nd period - Stopped by Cam Talbot without a rebound.
11:12 of 2nd period - Sean Monahan wins face-off versus Austin Watson in Bruins zone.
11:14 of 2nd period - Minor Penalty to Jason Demers for Interference.
11:15 of 2nd period - Derek Stepan wins face-off versus Kyle Okposo in Bruins zone.
11:15 of 2nd period - Wrist shot by Phil Kessel.
11:15 of 2nd period - Goal by Phil Kessel - Whalers : 1 - Bruins : 3.
11:16 of 2nd period - Derek Stepan wins face-off versus Sean Monahan in neutral zone.
11:45 of 2nd period - Wrist shot by Nikolay Kulemin.
11:45 of 2nd period - Stopped by Connor Hellebuyck without a rebound.
11:46 of 2nd period - Matt Stajan wins face-off versus Austin Watson in Whalers zone.
11:47 of 2nd period - Snap shot by Alexander Burmistrov.
11:47 of 2nd period - Stopped by Connor Hellebuyck with a rebound.
11:49 of 2nd period - Wrist shot by Alexander Burmistrov.
11:49 of 2nd period - Stopped by Connor Hellebuyck without a rebound.
11:50 of 2nd period - Matt Stajan wins face-off versus Austin Watson in Whalers zone.
11:51 of 2nd period - Slapshot by Nikolay Kulemin.
11:51 of 2nd period - Stopped by Connor Hellebuyck without a rebound.
11:52 of 2nd period - Sean Monahan wins face-off versus Austin Watson in Whalers zone.
12:31 of 2nd period - Snap shot by Derek Stepan.
12:31 of 2nd period - Stopped by Cam Talbot without a rebound.
12:32 of 2nd period - Sean Monahan wins face-off versus Jonny Brodzinski in Bruins zone.
13:22 of 2nd period - Wrist shot by Loui Eriksson.
13:22 of 2nd period - Shot Misses the Net.
13:24 of 2nd period - Snap shot by BROCK BOESER.
13:24 of 2nd period - Shot Misses the Net.
13:26 of 2nd period - Snap shot by BROCK BOESER.
13:26 of 2nd period - Stopped by Cam Talbot without a rebound.
13:27 of 2nd period - Derek Stepan wins face-off versus Sean Monahan in Bruins zone.
13:44 of 2nd period - Snap shot by Kyle Okposo.
13:44 of 2nd period - Stopped by Connor Hellebuyck without a rebound.
13:45 of 2nd period - Jonny Brodzinski wins face-off versus Alex Killorn in Whalers zone.
13:45 of 2nd period - Jonny Brodzinski is hit by Anthony Mantha.
13:52 of 2nd period - Icing by Jason Demers.
13:53 of 2nd period - Jonny Brodzinski wins face-off versus Alex Killorn in Bruins zone.
13:53 of 2nd period - Jonny Brodzinski is hit by Jason Demers.
13:59 of 2nd period - Snap shot by Scott Hartnell.
13:59 of 2nd period - Shot Misses the Net.
14:07 of 2nd period - Snap shot by Alex Killorn.
14:07 of 2nd period - Stopped by Connor Hellebuyck with a rebound.
14:09 of 2nd period - Slapshot by Jason Demers.
14:09 of 2nd period - Stopped by Connor Hellebuyck with a rebound.
14:11 of 2nd period - Slapshot by Marc Staal.
14:11 of 2nd period - Shot Misses the Net.
14:13 of 2nd period - Wrist shot by Alex Killorn.
14:13 of 2nd period - Shot Blocked by Jonny Brodzinski.
14:37 of 2nd period - Snap shot by Jason Pominville.
14:37 of 2nd period - Stopped by Connor Hellebuyck with a rebound.
14:39 of 2nd period - Slapshot by Marc Staal.
14:39 of 2nd period - Shot Misses the Net.
14:41 of 2nd period - Slapshot by Jason Demers.
14:41 of 2nd period - Deflect By Alex Killorn.
14:41 of 2nd period - Stopped by Connor Hellebuyck with a rebound.
14:43 of 2nd period - Slapshot by Jason Pominville.
14:43 of 2nd period - Stopped by Connor Hellebuyck without a rebound.
14:44 of 2nd period - Sean Monahan wins face-off versus Derek Stepan in Whalers zone.
15:20 of 2nd period - BROCK BOESER is hit by Brian Campbell and loses puck.
15:32 of 2nd period - Off-side.
15:33 of 2nd period - Lance Bouma wins face-off versus Zemgus Girgensons in neutral zone.
15:36 of 2nd period - Snap shot by Dustin Byfuglien.
15:36 of 2nd period - Shot Misses the Net.
15:42 of 2nd period - Slapshot by Marc Staal.
15:42 of 2nd period - Deflect By Kyle Okposo.
15:42 of 2nd period - Goal by Kyle Okposo - Whalers : 1 - Bruins : 4.
15:43 of 2nd period - Derek Stepan wins face-off versus Sean Monahan in neutral zone.
15:50 of 2nd period - Slapshot by Derek Stepan.
15:50 of 2nd period - Stopped by Cam Talbot with a rebound.
16:38 of 2nd period - Off-side.
16:39 of 2nd period - Austin Watson wins face-off versus Alex Killorn in neutral zone.
16:39 of 2nd period - Austin Watson is hit by Xavier Ouellet.
16:43 of 2nd period - Slapshot by Loui Eriksson.
16:43 of 2nd period - Shot Misses the Net.
16:45 of 2nd period - Snap shot by BROCK BOESER.
16:45 of 2nd period - Stopped by Cam Talbot without a rebound.
16:46 of 2nd period - Sean Monahan wins face-off versus Austin Watson in Bruins zone.
17:01 of 2nd period - Snap shot by Loui Eriksson.
17:01 of 2nd period - Shot Misses the Net.
Goals for this period are 1 for Whalers vs 3 for Bruins.
Shots for this period are 12 for Whalers vs 19 for Bruins.

3rd period


0:01 of 3rd period - Derek Stepan wins face-off versus Sean Monahan in neutral zone.
0:08 of 3rd period - Slapshot by Phil Kessel.
0:08 of 3rd period - Stopped by Cam Talbot without a rebound.
0:09 of 3rd period - Derek Stepan wins face-off versus Sean Monahan in Bruins zone.
0:10 of 3rd period - Wrist shot by Phil Kessel.
0:10 of 3rd period - Stopped by Cam Talbot without a rebound.
0:11 of 3rd period - Sean Monahan wins face-off versus Phil Kessel in Bruins zone.
0:20 of 3rd period - Wrist shot by Kris Versteeg.
0:20 of 3rd period - Shot Misses the Net.
0:42 of 3rd period - Jason Pominville is hit by BROCK BOESER and loses puck.
0:59 of 3rd period - Backhand shot by Scott Hartnell.
0:59 of 3rd period - Stopped by Cam Talbot with a rebound.
1:01 of 3rd period - Wrist shot by Scott Hartnell.
1:01 of 3rd period - Shot Blocked by Joel Edmundson.
1:03 of 3rd period - Snap shot by Jonny Brodzinski.
1:03 of 3rd period - Deflect By Scott Hartnell.
1:03 of 3rd period - Shot Blocked by Matt Stajan.
1:03 of 3rd period - Puck is out of play.
1:04 of 3rd period - Jonny Brodzinski wins face-off versus Sean Monahan in Bruins zone.
1:17 of 3rd period - Snap shot by Ryan Callahan.
1:17 of 3rd period - Stopped by Cam Talbot without a rebound.
1:18 of 3rd period - Derek Stepan wins face-off versus Derick Brassard in Bruins zone.
2:29 of 3rd period - Kris Russell is hit by Kyle Okposo.
3:06 of 3rd period - Marc Staal is hit by Loui Eriksson and loses puck.
3:47 of 3rd period - Snap shot by Sean Monahan.
3:47 of 3rd period - Stopped by Connor Hellebuyck with a rebound.
4:18 of 3rd period - Icing by Matt Stajan.
4:19 of 3rd period - Derek Stepan wins face-off versus Matt Stajan in Bruins zone.
4:20 of 3rd period - Snap shot by Kris Versteeg.
4:20 of 3rd period - Goal by Kris Versteeg - Whalers : 2 - Bruins : 4.
4:21 of 3rd period - Derek Stepan wins face-off versus Derick Brassard in neutral zone.
4:24 of 3rd period - Kyle Okposo is hit by Derek Stepan and loses puck.
4:47 of 3rd period - Kyle Okposo is hit by Kris Russell and loses puck.
5:11 of 3rd period - Snap shot by Anthony Mantha.
5:11 of 3rd period - Stopped by Connor Hellebuyck without a rebound.
5:12 of 3rd period - Austin Watson wins face-off versus Alex Killorn in Whalers zone.
5:20 of 3rd period - Off-side.
5:21 of 3rd period - Derek Stepan wins face-off versus Alex Killorn in neutral zone.
5:24 of 3rd period - Wrist shot by Kris Versteeg.
5:24 of 3rd period - Stopped by Cam Talbot without a rebound.
5:25 of 3rd period - Derek Stepan wins face-off versus Alex Killorn in Bruins zone.
6:13 of 3rd period - Alexander Burmistrov is hit by Ryan Pulock and loses puck.
6:31 of 3rd period - Icing by Brooks Orpik.
6:32 of 3rd period - Derek Stepan wins face-off versus Zemgus Girgensons in Whalers zone.
6:45 of 3rd period - Kris Versteeg is hit by Xavier Ouellet and loses puck.
6:52 of 3rd period - Dennis Wideman is hit by Tom Kuhnhackl and loses puck.
7:01 of 3rd period - Xavier Ouellet is hit by Brooks Orpik and loses puck.
7:10 of 3rd period - Wrist shot by Phil Kessel.
7:10 of 3rd period - Deflect By Derek Stepan.
7:10 of 3rd period - Shot Blocked by Tom Kuhnhackl.
7:10 of 3rd period - Puck is out of play.
7:11 of 3rd period - Austin Watson wins face-off versus Alex Killorn in Bruins zone.
7:20 of 3rd period - Snap shot by Loui Eriksson.
7:20 of 3rd period - Shot Blocked by Jason Demers.
7:22 of 3rd period - Slapshot by Kris Russell.
7:22 of 3rd period - Stopped by Cam Talbot with a rebound.
7:24 of 3rd period - Slapshot by Dustin Byfuglien.
7:24 of 3rd period - Deflect By Anthony Mantha.
7:24 of 3rd period - Stopped by Cam Talbot without a rebound.
7:25 of 3rd period - Alex Killorn wins face-off versus Jonny Brodzinski in Bruins zone.
8:04 of 3rd period - Phil Kessel is hit by Kyle Okposo and loses puck.
8:31 of 3rd period - Slapshot by Phil Kessel.
8:31 of 3rd period - Stopped by Cam Talbot with a rebound.
8:33 of 3rd period - Slapshot by Dustin Byfuglien.
8:33 of 3rd period - Shot Misses the Net.
8:35 of 3rd period - Snap shot by Derek Stepan.
8:35 of 3rd period - Shot Misses the Net.
8:37 of 3rd period - Slapshot by Phil Kessel.
8:37 of 3rd period - Shot Misses the Net.
8:39 of 3rd period - Slapshot by Phil Kessel.
8:39 of 3rd period - Stopped by Cam Talbot with a rebound.
8:41 of 3rd period - Slapshot by Kris Versteeg.
8:41 of 3rd period - Stopped by Cam Talbot without a rebound.
8:42 of 3rd period - Loui Eriksson wins face-off versus Alex Killorn in Bruins zone.
8:45 of 3rd period - Snap shot by BROCK BOESER.
8:45 of 3rd period - Stopped by Cam Talbot with a rebound.
8:47 of 3rd period - Snap shot by Loui Eriksson.
8:47 of 3rd period - Shot Misses the Net.
8:49 of 3rd period - Snap shot by Austin Watson.
8:49 of 3rd period - Stopped by Cam Talbot without a rebound.
8:50 of 3rd period - Loui Eriksson wins face-off versus Alex Killorn in Bruins zone.
9:06 of 3rd period - Backhand shot by BROCK BOESER.
9:06 of 3rd period - Shot Misses the Net.
9:08 of 3rd period - Slapshot by Ryan Pulock.
9:08 of 3rd period - Stopped by Cam Talbot without a rebound.
9:09 of 3rd period - Matt Stajan wins face-off versus Jonny Brodzinski in Bruins zone.
9:36 of 3rd period - Kyle Okposo is hit by Kris Versteeg.
9:52 of 3rd period - Off-side.
9:53 of 3rd period - Alex Killorn wins face-off versus Austin Watson in neutral zone.
9:58 of 3rd period - Alex Killorn is hit by Dustin Byfuglien.
10:04 of 3rd period - Jason Demers is hit by Dustin Byfuglien and loses puck.
10:43 of 3rd period - Off-side.
10:44 of 3rd period - Matt Stajan wins face-off versus Lance Bouma in neutral zone.
10:49 of 3rd period - Snap shot by Matt Stajan.
10:49 of 3rd period - Shot Blocked by Ryan Pulock.
11:01 of 3rd period - Alexander Burmistrov is hit by Ryan Pulock and loses puck.
11:12 of 3rd period - Snap shot by Nikolay Kulemin.
11:12 of 3rd period - Shot Misses the Net.
11:14 of 3rd period - Slapshot by Brian Campbell.
11:14 of 3rd period - Shot Blocked by Jaycob Megna.
11:16 of 3rd period - Wrist shot by Alexander Burmistrov.
11:16 of 3rd period - Stopped by Connor Hellebuyck without a rebound.
11:17 of 3rd period - Sean Monahan wins face-off versus Derek Stepan in Whalers zone.
13:10 of 3rd period - Xavier Ouellet is hit by Loui Eriksson.
13:11 of 3rd period - Icing by Xavier Ouellet.
13:12 of 3rd period - Austin Watson wins face-off versus Matt Stajan in Bruins zone.
13:15 of 3rd period - Slapshot by Dustin Byfuglien.
13:15 of 3rd period - Shot Misses the Net.
13:25 of 3rd period - Wrist shot by Matt Stajan.
13:25 of 3rd period - Stopped by Connor Hellebuyck without a rebound.
13:26 of 3rd period - Derek Stepan wins face-off versus Sean Monahan in Whalers zone.
13:26 of 3rd period - Derek Stepan is hit by Derick Brassard.
13:38 of 3rd period - Snap shot by Derek Stepan.
13:38 of 3rd period - Shot Blocked by Kyle Okposo.
13:52 of 3rd period - BROCK BOESER is hit by Jason Pominville.
13:57 of 3rd period - Off-side.
13:58 of 3rd period - Alex Killorn wins face-off versus Austin Watson in neutral zone.
14:03 of 3rd period - Snap shot by Anthony Mantha.
14:03 of 3rd period - Stopped by Connor Hellebuyck with a rebound.
14:05 of 3rd period - Slapshot by Xavier Ouellet.
14:05 of 3rd period - Stopped by Connor Hellebuyck without a rebound.
14:06 of 3rd period - Alex Killorn wins face-off versus Austin Watson in Whalers zone.
14:11 of 3rd period - Backhand shot by Anthony Mantha.
14:11 of 3rd period - Deflect By Jason Pominville.
14:11 of 3rd period - Shot Misses the Net.
14:11 of 3rd period - Puck is out of play.
14:12 of 3rd period - Derek Stepan wins face-off versus Sean Monahan in Whalers zone.
14:19 of 3rd period - Slapshot by Phil Kessel.
14:19 of 3rd period - Stopped by Cam Talbot without a rebound.
14:20 of 3rd period - Sean Monahan wins face-off versus Kris Versteeg in Bruins zone.
14:39 of 3rd period - Snap shot by Kyle Okposo.
14:39 of 3rd period - Shot Misses the Net.
15:05 of 3rd period - Wrist shot by Kris Versteeg.
15:05 of 3rd period - Shot Blocked by Marc Staal.
15:07 of 3rd period - Snap shot by Dustin Byfuglien.
15:07 of 3rd period - Shot Blocked by Jason Demers.
15:09 of 3rd period - Wrist shot by Phil Kessel.
15:09 of 3rd period - Goal by Phil Kessel - Whalers : 3 - Bruins : 4.
15:10 of 3rd period - Alex Killorn wins face-off versus Ryan Callahan in neutral zone.
15:56 of 3rd period - Brian Campbell is hit by Ryan Callahan and loses puck.
16:09 of 3rd period - Wrist shot by Anthony Mantha.
16:09 of 3rd period - Shot Misses the Net.
16:29 of 3rd period - Backhand shot by Kris Versteeg.
16:29 of 3rd period - Stopped by Cam Talbot without a rebound.
16:30 of 3rd period - Alex Killorn wins face-off versus Derek Stepan in Bruins zone.
16:45 of 3rd period - Wrist shot by Phil Kessel.
16:45 of 3rd period - Stopped by Cam Talbot with a rebound.
17:12 of 3rd period - Snap shot by Anthony Mantha.
17:12 of 3rd period - Stopped by Connor Hellebuyck with a rebound.
17:18 of 3rd period - Jason Pominville is hit by Austin Watson and loses puck.
18:20 of 3rd period - Off-side.
18:21 of 3rd period - Sean Monahan wins face-off versus Ryan Callahan in neutral zone.
18:24 of 3rd period - Wrist shot by Kyle Okposo.
18:24 of 3rd period - Shot Misses the Net.
19:00 of 3rd period - Whalers, Connor Hellebuyck is pulled from the net.
19:04 of 3rd period - Slapshot by Kris Versteeg.
19:04 of 3rd period - Stopped by Cam Talbot without a rebound.
19:05 of 3rd period - Dave Cameron call a timeout for Whalers.
19:05 of 3rd period - Sean Monahan wins face-off versus Derek Stepan in Bruins zone.
19:42 of 3rd period - Snap shot by Phil Kessel.
19:42 of 3rd period - Shot Misses the Net.
19:52 of 3rd period - Snap shot by Derek Stepan.
19:52 of 3rd period - Shot Misses the Net.
19:54 of 3rd period - Slapshot by Dennis Wideman.
19:54 of 3rd period - Stopped by Cam Talbot with a rebound.
19:56 of 3rd period - Snap shot by Dennis Wideman.
19:56 of 3rd period - Stopped by Cam Talbot without a rebound.
19:57 of 3rd period - Sean Monahan wins face-off versus Derek Stepan in Bruins zone.
Goals for this period are 2 for Whalers vs 0 for Bruins.
Shots for this period are 21 for Whalers vs 7 for Bruins.